 Dungeon Crawl Stone Soup version 0.19.0-2-gae57169 (webtiles) character file.

2873 dobroeutro the Basher (level 9, 0/60 HPs)
             Began as a Gargoyle Fighter on Nov 5, 2016.
             Was a Follower of the Shining One.
             Killed by the air
             ... invoked by Gastronok
              (30 damage)
             ... on level 8 of the Dungeon.
             The game lasted 00:07:23 (6047 turns).

dobroeutro the Basher (Gargoyle Fighter)            Turns: 6047, Time: 00:07:25

Health: 0/60       AC: 14    Str: 21    XL:     9   Next: 76%
Magic:  9/9        EV:  7    Int: 10    God:    the Shining One [*.....]
Gold:   431        SH:  9    Dex: 10    Spells: 0 memorised, 8 levels left

rFire  . . .     SeeInvis .     a - +0 flail
rCold  . . .     Gourm    .     b - +0 scale mail
rNeg   + . .     Faith    .     c - +0 shield
rPois  ∞         Spirit   .     (helmet restricted)
rElec  +         Reflect  .     s - +0 cloak
rCorr  .         Harm     .     (no gloves)
MR     .....                    y - +0 pair of boots
Stlth  ..........               (no amulet)
                                (no ring)
                                (no ring)

@: glowing
A: horns 1, blurry vision 1, negative energy resistance 1, regeneration 1,
electricity resistance, unbreathing, petrification resistance, rot immunity,
MP-powered wands, AC +5
a: Renounce Religion


You were on level 8 of the Dungeon.
You worshipped the Shining One.
The Shining One was aware of your devotion.
You were hungry.

You visited 1 branch of the dungeon, and saw 8 of its levels.

You collected 431 gold pieces.

Inventory:

Hand Weapons
 a - a +0 flail (weapon)
Armour
 b - a +0 scale mail (worn)
 c - a +0 shield (worn)
 s - a +0 cloak (worn)
 u - a +0 helmet
 y - a +0 pair of boots (worn)
Jewellery
 q - a +5 ring of strength {unknown}
 A - an uncursed ring of wizardry {unknown}
 C - an uncursed amulet of regeneration {unknown}
 D - the cursed ring of Megalomania {rN+ AC-2 Str+8, unknown}
   (You found it on level 5 of the Dungeon)

   [ring of protection]

   It affects your AC (-2).
   It affects your strength (+8).
   It protects you from negative energy.
   It has a curse placed upon it.
Wands
 J - a wand of paralysis (8/24)
Scrolls
 e - 3 scrolls of teleportation
 h - 2 scrolls of enchant armour {unknown}
 l - a scroll of random uselessness {unknown}
 n - 3 scrolls of enchant weapon {unknown}
 o - 4 scrolls of remove curse
 r - a scroll of immolation {unknown}
 w - 4 scrolls of identify
 x - 4 scrolls of recharging {unknown}
 z - a scroll of fear {unknown}
 F - a scroll of magic mapping {unknown}
 G - 2 scrolls of fog {unknown}
 H - 2 scrolls of amnesia {unknown}
Potions
 d - 2 potions of might
 g - 2 potions of magic {unknown}
 i - a potion of cure mutation {unknown}
 j - 3 potions of curing
 k - a potion of flight {unknown}
 t - 3 potions of heal wounds {unknown}
 v - 3 potions of cancellation {unknown}
 B - 2 potions of brilliance {unknown}
 E - a potion of lignification {unknown}
 I - 2 potions of haste {unknown}
 L - a potion of degeneration {unknown}
Comestibles
 f - 11 bread rations
 m - 3 beef jerkies
 p - 8 meat rations


   Skills:
 + Level 8.9 Fighting
 * Level 10.9 Maces & Flails
 - Level 3.2 Armour
 - Level 3.2 Shields


You had 8 spell levels left.
You didn't know any spells.

Dungeon Overview and Level Annotations

Branches:
Dungeon (8/15)             Temple (0/1) D:7
   Lair: D:8-11

Altars:
Elyvilon
Xom
The Shining One

Annotations:
D:8 Gastronok


Innate Abilities, Weirdness & Mutations

You are resistant to torment.
Your stone body is resilient. (AC +5)
You are immune to poison.
You resist negative energy. (rN+)
You are resistant to electric shocks. (rElec)
You can survive without breathing.
You are immune to petrification.
You are immune to rotting.
You have a pair of small horns on your head.
Scrolls take you a little longer to read.
Your natural rate of healing is unusually fast.
You expend magic power (3 MP) to strengthen your wands.


Message History

You hit Gastronok but do no damage.
Gastronok is lightly wounded.
You block Gastronok's attack.
Unknown command.
You hit Gastronok but do no damage.
You headbutt Gastronok, but do no damage.
Gastronok is lightly wounded.
Unknown command.
You sock Gastronok! You headbutt Gastronok.
Gastronok is lightly wounded.
Gastronok bites you!
You sock Gastronok!
Gastronok is moderately wounded.
You sock Gastronok!
You headbutt Gastronok, but do no damage.
Gastronok is moderately wounded.
Gastronok waves his eye-stalks in wide circles.
The air twists around and strikes you!
Ouch! That really hurt!
You die...

#.....[..#
#........#.#
#........#.#
#........#.#
######'###.# #..##.#
## ##.##.#
.########## #.w#.#
.#........## ##@#.#
.'.........# #.#.#
.#.........#####...##
.#.........##.......#
.#.........##.......#
.#.........##.......#
.#.........##....)>.#
##########.#######'##
#.# #.#


You could see Gastronok.

Vanquished Creatures
  The ghost of Uberchile the Firebug, a novice DgFE (D:8)
  A hippogriff (D:7)
  A spriggan (D:7)
  A water moccasin (D:6)
  A sky beast (D:6)
  A black bear (D:8)
  3 ogres
  4 centaurs
  A bullfrog (D:7)
  A big kobold (D:7)
  A bullfrog zombie (D:8)
  3 centaur zombies
  4 hounds
  A jelly (D:7)
  2 orc wizards (D:5)
  A bullfrog skeleton (D:8)
  An iguana (D:5)
  5 worker ants
  5 gnolls
  A howler monkey skeleton (D:4)
  7 adders
  An ooze (D:1)
  2 adder zombies
  An adder skeleton (D:7)
  4 worms
  A dart slug (D:3)
  4 leopard geckos
  4 orcs
  4 giant cockroaches
  6 goblins
  5 hobgoblins
  7 jackals
  12 kobolds
  5 quokkas
  3 ball pythons
  9 bats
  6 frilled lizards
  A giant cockroach zombie (D:5)
  5 rats (D:2)
  A plant (D:1)
127 creatures vanquished.

Notes
Turn   | Place    | Note
-------+----------+-------------------------------------------
     0 | D:1      | dobroeutro the Gargoyle Fighter began the quest for the Orb.
     0 | D:1      | Reached XP level 1. HP: 14/14 MP: 1/1
   316 | D:1      | Reached XP level 2. HP: 15/19 MP: 2/2
   770 | D:2      | Reached skill level 3 in Maces & Flails
   770 | D:2      | Reached XP level 3. HP: 20/24 MP: 3/3
  1164 | D:2      | Reached XP level 4. HP: 29/29 MP: 4/4
  1379 | D:2      | Found a glowing golden altar of the Shining One.
  1588 | D:2      | Became a worshipper of the Shining One
  1705 | D:3      | Reached skill level 4 in Maces & Flails
  1982 | D:3      | Reached XP level 5. HP: 18/34 MP: 5/5
  2955 | D:4      | Noticed an ogre
  3014 | D:4      | Killed an ogre
  3014 | D:4      | Reached skill level 5 in Maces & Flails
  3014 | D:4      | Reached XP level 6. HP: 7/40 MP: 6/6
  3288 | D:4      | Reached skill level 5 in Fighting
  3771 | D:5      | Entered Level 5 of the Dungeon
  3839 | D:5      | Reached skill level 6 in Maces & Flails
  3839 | D:5      | Reached XP level 7. HP: 33/44 MP: 7/7
  4397 | D:5      | Got a coiled ivory ring
  4414 | D:5      | Reached skill level 7 in Maces & Flails
  4552 | D:6      | Gained mutation: You expend magic power (3 MP) to strengthen your wands. [mutagenic meat]
  4553 | D:6      | Gained mutation: Your natural rate of healing is unusually fast. [mutagenic meat]
  4554 | D:6      | Gained mutation: Scrolls take you a little longer to read. [mutagenic meat]
  4555 | D:6      | Gained mutation: You have a pair of small horns on your head. [mutagenic meat]
  4693 | D:6      | Reached XP level 8. HP: 52/52 MP: 8/8
  4779 | D:6      | Found a shimmering altar of Xom.
  4849 | D:6      | Found a white marble altar of Elyvilon.
  4849 | D:6      | Found a shimmering altar of Xom.
  5183 | D:7      | Found a staircase to the Ecumenical Temple.
  5288 | D:7      | Reached skill level 8 in Maces & Flails
  5386 | D:7      | Reached * piety under the Shining One
  5474 | D:7      | Noticed a spriggan baker
  5480 | D:7      | Killed a spriggan baker
  5480 | D:7      | Reached skill level 9 in Maces & Flails
  5557 | D:7      | Noticed a hippogriff
  5563 | D:7      | Killed a hippogriff
  5563 | D:7      | Reached XP level 9. HP: 46/57 MP: 9/9
  5805 | D:8      | Noticed Uberchile's ghost (novice DgFE)
  5851 | D:8      | Killed Uberchile's ghost
  5851 | D:8      | Reached skill level 10 in Maces & Flails
  6009 | D:8      | Noticed Gastronok
  6047 | D:8      | Killed from afar by Gastronok

Skill      XL: |  1  2  3  4  5  6  7  8  9 |
---------------+----------------------------+-----
Maces & Flails | 3 4 5 6 7 9 10 | 10.9
Fighting       | 4 5 6 7 8 |  8.9
Armour         | |  3.2
Shields        | |  3.2

Action                   |  1- 3 |  4- 6 |  7- 9 || total
-------------------------+-------+-------+-------++-------
Melee: Flail             |   181 |   198 |   236 ||   615
       Headbutt          |       |       |    32 ||    32
  Use: Scroll            |       |     4 |       ||     4
       Potion            |       |     1 |     1 ||     2
  Eat: Chunk             |     1 |     8 |    12 ||    21
Armor: Scale mail        |   101 |   105 |   121 ||   327
Dodge: Dodged            |    64 |    51 |    56 ||   171
Block: Shield            |    84 |    93 |    94 ||   271
